 Dungeon Crawl Stone Soup version 0.26.0-10-g1f06aea511 (webtiles) character file.

Game seed: 10853421496187756503

1115 jackrogers the Spear-Bearer (level 8, -6/58 HPs)
             Began as a Merfolk Abyssal Knight on Jan 13, 2021.
             Was a Priest of Lugonu.
             Mangled by Pikel
             ... wielding a +2 whip of electrocution
              (17 damage)
             ... on level 6 of the Dungeon.
             The game lasted 00:06:37 (5525 turns).

jackrogers the Spear-Bearer (MfAK)                  Turns: 5525, Time: 00:06:37

Health: -6/58      AC:  6    Str: 14    XL:     8   Next: 34%
Magic:  9/9        EV: 12    Int: 11    God:    Lugonu [***...]
Gold:   272        SH:  0    Dex: 14    Spells: 7/7 levels left

rFire    . . .     SeeInvis .   u - +1 trident
rCold    . . .     Faith    .   (no shield)
rNeg     . . .     Spirit   .   b - +0 leather armour
rPois    +         Reflect  .   (no helmet)
rElec    .         Harm     .   j - +1 cloak {Stlth+}
rCorr    .         Rampage  .   (no gloves)
Will     .....                  d - +0 pair of boots
Stlth    +.........             g - amulet of the acrobat
HPRegen  0.19/turn              q - ring of poison resistance {rPois, !d}
MPRegen  0.11/turn              (no ring)

@: no status effects
A: change form in water, swift swim, stealthy swim
a: Renounce Religion, Depart the Abyss, Bend Space, Banish


You were on level 6 of the Dungeon.
You worshipped Lugonu.
Lugonu was most pleased with you.
You visited 1 branch of the dungeon, and saw 6 of its levels.
You visited the Abyss 1 time.

You collected 272 gold pieces.

Inventory:

Hand Weapons
 a - a +1 spear
 u - a +1 trident (weapon)
   (You found it on level 4 of the Dungeon)
Missiles
 m - 36 poisoned darts
Armour
 b - a +0 leather armour (worn)
 d - a +0 pair of boots (worn)
   (You found it on level 1 of the Dungeon)
 j - a +1 cloak of stealth (worn)
   (You found it on level 1 of the Dungeon)
Jewellery
 g - an amulet of the acrobat (around neck)
   (You found it on level 1 of the Dungeon)
 n - an uncursed ring of flight {unknown}
   (You found it on level 4 of the Dungeon)
 q - a ring of poison resistance (left hand) {rPois, !d}
   (You found it on level 3 of the Dungeon)
Scrolls
 e - a scroll of identify
 p - 2 scrolls of remove curse
 r - a scroll of amnesia
 t - 3 scrolls of fog
 v - a scroll of teleportation
 w - a scroll of magic mapping {!r}
Potions
 c - 2 potions of magic
 f - a potion of brilliance {unknown}
 h - a potion of attraction {unknown}
 i - a potion of ambrosia {unknown}
 k - 2 potions of mutation {!q}
 l - 2 potions of berserk rage {!q}
 o - 2 potions of curing {unknown}
 s - 2 potions of might {unknown}
 x - a potion of haste {unknown}
 z - a potion of invisibility {unknown}


   Skills:
 - Level 3.2 Fighting
 + Level 13.3 Polearms
 - Level 0.6 Armour
 - Level 2.6 Dodging
 - Level 2.0 Invocations


You had 7 spell levels left.
You didn't know any spells.
Your spell library contained the following spells:

 Spells                   Type           Power        Failure   Level
 Magic Dart               Conj           0%           41%         1
 Blink                    Tloc           N/A          56%         2
 Call Imp                 Summ           0%           56%         2
 Slow                     Hex            0%           56%         2
 Conjure Flame            Conj/Fire      0%           80%         3
 Mephitic Cloud           Conj/Pois/Air  0%           80%         3


Dungeon Overview and Level Annotations

Branches:
Dungeon (6/15)
 Temple: D:4-7

Altars:
Elyvilon
Trog

Annotations:
D:6 Pikel


Message History

You barely miss the necrophage. The necrophage hits you.
You feel drained.
You puncture the necrophage! You barely miss the necrophage.
The necrophage hits you but does no damage.
You puncture the necrophage!
You destroy the necrophage!
Lugonu accepts your kill.
Your life force feels restored.
You see here a necrophage corpse.
z - a sapphire potion A lemure comes into view.
The lemure shouts!
A lemure is nearby!
A lemure is nearby!
A lemure is nearby!
A lemure comes into view.
You reach to attack!
You barely miss the lemure. You puncture the lemure! You hit the lemure.
The lemure hits you.
You closely miss the lemure. The lemure closely misses you.
You barely miss the lemure. You puncture the lemure! The lemure misses you.
You puncture the lemure!
You kill the lemure!
That felt strangely unrewarding.
No target in view!
No target in view!
A lemure comes into view.
A white imp comes into view.
Spoiler Alert: The white imp (wandering) can cast Throw Frost!
There are monsters nearby!
Spoiler Alert: The white imp (wandering) can cast Throw Frost!
You reach to attack!
You closely miss the lemure.
Spoiler Alert: The white imp (wandering) can cast Throw Frost!
You miss the lemure.
The white imp shouts, "Out, out, thou mammering dismal-dreaming blabberskite!"
You hear a shout!
Spoiler Alert: The white imp can cast Throw Frost!
You hit the lemure. The lemure hits you.
You hit the lemure. The lemure barely misses you.
You puncture the lemure! You puncture the lemure! The lemure misses you.
You hit the lemure. The white imp hits you. The white imp freezes you.
You hit the lemure.
You kill the lemure!
That felt strangely unrewarding.
Spoiler Alert: The white imp can cast Throw Frost!
You hit the white imp. The white imp hits you. The white imp freezes you.
You barely miss the white imp. You closely miss the white imp.
The white imp hits you. The white imp freezes you.
You puncture the white imp!
You kill the white imp!
Lugonu accepts your kill.
Pikel the Slaver comes into view.
He is wielding a +2 whip of electrocution.
Spoiler Alert: Pikel can hit for high damage in melee!
Reach: u) +1 trident
Aim: Pikel, wielding a +2 whip of electrocution and wearing a +0 robe You reach to attack!
You hit Pikel.
Reach: u) +1 trident
Aim: Pikel, wielding a +2 whip of electrocution and wearing a +0 robe (lightly wounded)
You reach to attack!
You barely miss Pikel.
Spoiler Alert: Pikel can hit for high damage in melee!
Reach: u) +1 trident
Aim: Pikel, wielding a +2 whip of electrocution and wearing a +0 robe (lightly wounded)
You puncture Pikel! Pikel hits you but does no damage.
You hit Pikel but do no damage. You hit Pikel. Pikel barely misses you.
A lemure comes into view.
Spoiler Alert: Pikel can hit for high damage in melee!
You barely miss Pikel.
The lemure shouts!
Pikel hits you but does no damage.
You barely miss Pikel. You closely miss Pikel.
Pikel hits you with a +2 whip of electrocution.
Spoiler Alert: Pikel can hit for high damage in melee!
You closely miss Pikel. Pikel hits you but does no damage.
You hit Pikel. You puncture Pikel!
Pikel hits you with a +2 whip of electrocution.
You closely miss Pikel.
Pikel hits you with a +2 whip of electrocution.
An ogre comes into view. It is wielding a +0 giant spiked club.
Warning x2: Pikel can hit for high damage in melee!
The ogre (wandering) can hit for high damage in melee!
The ogre shouts!
You hit Pikel.
Warning x2: Pikel can hit for high damage in melee!
The ogre can hit for high damage in melee!
You hit Pikel but do no damage. Pikel misses you.
You hit Pikel.
Pikel hits you with a +2 whip of electrocution.
You are electrocuted!
* * * LOW HITPOINT WARNING * * *
You closely miss Pikel.
Spoiler Alert: Pikel can hit for high damage in melee!
You hit Pikel but do no damage.
Pikel hits you with a +2 whip of electrocution.
* * * LOW HITPOINT WARNING * * *
You are electrocuted!
You die...

###### #...#
#).... #...#
#.#### #..?#
#.####
###...#####
#.....
.........#
########
#...###.#
#.....#
#.##...#...#
#.###.##
#.5K@......#
#.#.....
#.5####....#
#.#.#.## ....
#..?.###.#.#.##
....
#..........#.##
###
#.######.###.##
#........# #.##
#.. ##########
#.## ..< ..##
... ...


You could see Pikel and 2 lemures.

Vanquished Creatures
  Grinder (D:5)
  A water moccasin (D:5)
  A sky beast (D:5)
  A phantom (D:4)
  An ogre (D:5)
  A necrophage (D:6)
  A centaur (D:5)
  2 lemures (D:6)
  A howler monkey (D:5)
  A jelly (D:5)
  2 centaur skeletons
  3 worker ants
  8 adders
  A shadow imp (D:5)
  2 white imps
  An ufetubus (D:5)
  An ooze (D:1)
  An adder zombie (D:4)
  An adder skeleton (D:5)
  2 worms
  3 dart slugs
  4 leopard geckos
  5 orcs
  9 bats
  5 giant cockroaches
  5 goblins
  7 hobgoblins
  2 quokkas
  5 frilled lizards
  A jackal skeleton (D:4)
  5 kobolds
  7 rats
91 creatures vanquished.

Notes
Turn   | Place    | Note
-------+----------+-------------------------------------------
     0 | Abyss:1  | jackrogers the Merfolk Abyssal Knight began the quest for
                  | the Orb.
     0 | Abyss:1  | Reached XP level 1. HP: 18/18 MP: 2/2
    15 | Abyss:1  | Found a corrupted altar of Lugonu.
    71 | Abyss:1  | Found a corrupted altar of Lugonu.
   120 | Abyss:1  | Found a corrupted altar of Lugonu.
   120 | Abyss:1  | Found a corrupted altar of Lugonu.
   138 | D:1      | Escaped the Abyss
   239 | D:1      | Reached skill level 4 in Polearms
   239 | D:1      | Reached XP level 2. HP: 24/24 MP: 3/3
   682 | D:2      | Reached skill level 5 in Polearms
   682 | D:2      | Reached XP level 3. HP: 13/29 MP: 4/4
  1201 | D:2      | Reached ** piety under Lugonu
  1525 | D:2      | Reached skill level 6 in Polearms
  1536 | D:2      | Reached XP level 4. HP: 23/35 MP: 5/5
  2152 | D:3      | Reached skill level 7 in Polearms
  2461 | D:3      | Reached XP level 5. HP: 30/41 MP: 6/6
  3113 | D:4      | Found a bloodstained altar of Trog.
  3134 | D:4      | Noticed a phantom
  3157 | D:4      | Reached skill level 8 in Polearms
  3213 | D:4      | Killed a phantom
  3214 | D:4      | Reached skill level 9 in Polearms
  3214 | D:4      | Reached XP level 6. HP: 47/47 MP: 7/7
  3624 | D:5      | Entered Level 5 of the Dungeon
  3642 | D:5      | HP: 10/47 [jelly (2)]
  3642 | D:5      | HP: 3/47 [acid (7)]
  3954 | D:5      | Reached *** piety under Lugonu
  3955 | D:5      | Reached skill level 10 in Polearms
  4132 | D:5      | Noticed Grinder
  4148 | D:5      | Paralysed by Grinder for 5 turns
  4161 | D:5      | Paralysed by Grinder for 5 turns
  4169 | D:5      | Killed Grinder
  4170 | D:5      | Reached skill level 11 in Polearms
  4170 | D:5      | Reached XP level 7. HP: 26/52 MP: 8/8
  4219 | D:5      | HP: 9/52 [water moccasin (7)]
  4225 | D:5      | HP: 8/52 [water moccasin (2)]
  4515 | D:5      | Reached skill level 12 in Polearms
  4860 | D:5      | Reached XP level 8. HP: 22/58 MP: 9/9
  4869 | D:5      | Reached skill level 13 in Polearms
  5082 | D:5      | Found a white marble altar of Elyvilon.
  5507 | D:6      | Noticed Pikel
  5525 | D:6      | HP: 11/58 [Pikel/+2 whip of electrocution (4)]
  5525 | D:6      | Mangled by Pikel

Illustrated notes

Levels and vault maps discovered:
D:1:      dpeg_arrival_rooms_b, layout_rooms, lemuel_old_faithful
D:2:      layout_basic, hangedman_decor_push, chequers_serial_rivers_room_a
D:3:      layout_loops_corners
D:4:      layout_basic, old_standard_altar
D:5:      layout_basic, old_standard_altar, uniq_grinder
D:6:      layout_basic, nicolae_overflow_crystal_walls,
          small_statue_intersection, moated_statue, uniq_pikel, uniq_menkaure,
          uniq_edmund

Skill      XL: |  1  2  3  4  5  6  7  8 |
---------------+-------------------------+-----
Polearms       | 4 5 6 7 9 11 12 13 | 13.3
Fighting       | |  3.2
Armour         | |  0.6
Dodging        | |  2.6
Invocations    | |  2.0

Action                   |  1- 3 |  4- 6 |  7- 9 || total
-------------------------+-------+-------+-------++-------
Melee: Spear             |   113 |   162 |       ||   275
       Trident           |       |    55 |   114 ||   169
  Use: Scroll            |     6 |     8 |     1 ||    15
       Potion            |       |     1 |       ||     1
 Stab: Sleeping          |     2 |     1 |       ||     3
Armor: Leather armour    |    19 |    28 |    14 ||    61
       Skin              |       |     8 |       ||     8
Dodge: Dodged            |    47 |    67 |    43 ||   157

Table legend: (Time is in decaauts)
 A = Elapsed time spent in this place.
 B = Non-inter-level travel time spent in this place.
 C = Inter-level travel time spent in this place.
 D = Time resting spent in this place.
 E = Time spent auto-exploring this place.
 F = Levels seen in this place.
 G = Mean time per level.
                   A        B        C        D        E       F      G
               +--------+--------+--------+--------+--------+-----+--------+
         Total |   5414 |   5248 |    166 |   1506 |   3007 |   7 |  773.4 |
       Dungeon |   5276 |   5110 |    166 |   1506 |   2878 |   6 |  879.3 |
         Abyss |    138 |    138 |      0 |      0 |    129 |   1 |  138.0 |
               +--------+--------+--------+--------+--------+-----+--------+

Top non-repeatable levels by time:
     D:5: 1728 daAuts
     D:3: 1240 daAuts
     D:2: 1219 daAuts
     D:4: 524 daAuts
     D:1: 436 daAuts
 Abyss:1: 138 daAuts
     D:6: 126 daAuts

Table legend:
 A = Kills in this place as a percentage of kills in entire the game.
 B = Kills by you in this place as a percentage of kills by you in the entire game.
 C = Kills by friends in this place as a percentage of kills by friends in the entire game.
 D = Other kills in this place as a percentage of other kills in the entire game.
 E = Experience gained in this place as a percentage of experience gained in the entire game.
 F = Experience gained in this place divided by the number of levels of this place that you have seen.
                   A       B       C       D       E      F
               +-------+-------+-------+-------+-------+----------------------
         Total | 100.0 | 100.0 |   N/A |   N/A | 100.0 | 227.6
       Dungeon | 100.0 | 100.0 |   N/A |   N/A | 100.0 | 265.5
               +-------+-------+-------+-------+-------+----------------------
